IL
GWINNETT BRAVES @ IOWA CUBS
04/20/2048
 
TOP OF THE 1ST
Gwinnett Braves batting - Pitching for Iowa Cubs : RHP Nicolai Volnov
Pitching: RHP Nicolai Volnov
Batting: RHB Edgar Castillo 0-0: Ball
1-0: Ground out 4-3 (Groundball, 4M, EV 100.6 MPH)
Batting: LHB Mark Buchholz 0-0: Swinging Strike
0-1: Called Strike
0-2: Ball
1-2: Strikes out looking
Batting: SHB Brian Bagley 0-0: Called Strike
0-1: Ball
1-1: Swinging Strike
1-2: Ball
2-2: Strikes out looking
Top of the 1st over - 0 runs, 0 hits, 0 errors, 0 left on base; Gwinnett 0 - Iowa 0
BOTTOM OF THE 1ST
Iowa Cubs batting - Pitching for Gwinnett Braves : LHP Brian Gregory
Pitching: LHP Brian Gregory
Batting: SHB Seung-ho Zhang 0-0: Called Strike
0-1: Ball
1-1: Swinging Strike
1-2: Ball
2-2: Ball
3-2: Foul Ball, location: 2F
3-2: Strikes out swinging
Batting: RHB Jon Aguilar 0-0: Called Strike
0-1: Ground out 4-3 (Groundball, 4S, EV 61.9 MPH)
Batting: RHB Ricardo Aguinaga 0-0: Called Strike
0-1: Foul Ball, location: 2F
0-2: Ball
1-2: Ground out 5-3 (Groundball, 5, EV 85.6 MPH)
Bottom of the 1st over - 0 runs, 0 hits, 0 errors, 0 left on base; Gwinnett 0 - Iowa 0
TOP OF THE 2ND
Gwinnett Braves batting - Pitching for Iowa Cubs : RHP Nicolai Volnov
Batting: LHB Chris Locklear 0-0: Ball
1-0: Ground out U3 (Groundball, 34, EV 89.4 MPH)
Batting: RHB Jesse Lester 0-0: Called Strike
0-1: Hit by Pitch
Batting: RHB Dave Nickerson 0-0: Ball
1-0: Called Strike
1-1: Ball
2-1: Fly out, F9 (Flyball, 9, EV 78.8 MPH)
Batting: RHB Mike Meeker 0-0: Ball
1-0: Fielders Choice at 2nd, 5-4 (Groundball, 56, EV 77.5 MPH)
Top of the 2nd over - 0 runs, 0 hits, 0 errors, 1 left on base; Gwinnett 0 - Iowa 0
BOTTOM OF THE 2ND
Iowa Cubs batting - Pitching for Gwinnett Braves : LHP Brian Gregory
Batting: RHB Adam O'Hare 0-0: Ball
1-0: Foul Ball, location: 2F
1-1: Foul Ball, location: 2F
1-2: Ball
2-2: Foul Ball, location: 2F
2-2: Ground out 6-3 (Groundball, 6S, EV 84.4 MPH)
Batting: SHB Gabriel Cruz 0-0: Called Strike
0-1: SOLO HOME RUN (Flyball, 8RXD, EV 111.2 MPH), Distance : 420 ft
Batting: RHB Brian Gargis 0-0: Ball
1-0: Ball
2-0: Swinging Strike
2-1: Fly out, F8 (Flyball, 8RD, EV 96.9 MPH)
Batting: RHB Pat Barton 0-0: Ball
1-0: Ground out 5-3 (Groundball, 56S, EV 89.4 MPH)
Bottom of the 2nd over - 1 run, 1 hit, 0 errors, 0 left on base; Gwinnett 0 - Iowa 1
TOP OF THE 3RD
Gwinnett Braves batting - Pitching for Iowa Cubs : RHP Nicolai Volnov
Batting: LHB Fred Arends 0-0: Foul Ball, location: 2F
0-1: Called Strike
0-2: Ball
1-2: Foul Ball, location: 2F
1-2: Strikes out looking
Batting: RHB Riley Nasiir 0-0: Ball
1-0: Swinging Strike
1-1: Called Strike
1-2: Foul Ball, location: 2F
1-2: Ball
2-2: Strikes out looking
Batting: RHB Edgar Castillo 0-0: Foul Ball, location: 2F
0-1: Foul Ball, location: 2F
0-2: Strikes out swinging
Top of the 3rd over - 0 runs, 0 hits, 0 errors, 0 left on base; Gwinnett 0 - Iowa 1
BOTTOM OF THE 3RD
Iowa Cubs batting - Pitching for Gwinnett Braves : LHP Brian Gregory
Batting: RHB Rich Thurman 0-0: Called Strike
0-1: Ball
1-1: Ball
2-1: Fly out, F8 (Flyball, 8RM, EV 84.4 MPH)
Batting: RHB Adam Kelliher 0-0: Ball
1-0: Called Strike
1-1: Called Strike
1-2: SINGLE (Groundball, 3D, EV 100.6 MPH)
Batting: SHB Seung-ho Zhang 0-0: Ball
1-0: Ball
2-0: Swinging Strike
2-1: Fly out, F7 (Flyball, 78M, EV 91.2 MPH)
Batting: RHB Jon Aguilar 0-0: Foul Ball, location: 2F
0-1: Ball
Wild Pitch!
Adam Kelliher to second
1-1: Swinging Strike
1-2: Ball
2-2: Foul Ball, location: 2F
2-2: Ball
3-2: Ground out 5-3 (Groundball, 5, EV 106.9 MPH)
Bottom of the 3rd over - 0 runs, 1 hit, 0 errors, 1 left on base; Gwinnett 0 - Iowa 1
TOP OF THE 4TH
Gwinnett Braves batting - Pitching for Iowa Cubs : RHP Nicolai Volnov
Batting: LHB Mark Buchholz 0-0: Called Strike
0-1: Called Strike
0-2: Ball
1-2: Ball
2-2: Foul Ball, location: 2F
2-2: Ball
3-2: Foul Ball, location: 2F
3-2: Base on Balls
Batting: SHB Brian Bagley 0-0: Called Strike
0-1: Ball
1-1: Called Strike
1-2: Ball
2-2: Ball
3-2: Strikes out swinging
Mark Buchholz is caught stealing 2nd base 2-6
Batter strikes out.
Batting: LHB Chris Locklear 0-0: Ball
1-0: Called Strike
1-1: Ball
2-1: Ball
3-1: Fly out, F7 (Flyball, 7LSF, EV 95.6 MPH)
Top of the 4th over - 0 runs, 0 hits, 0 errors, 0 left on base; Gwinnett 0 - Iowa 1
BOTTOM OF THE 4TH
Iowa Cubs batting - Pitching for Gwinnett Braves : LHP Brian Gregory
Batting: RHB Ricardo Aguinaga 0-0: Foul Ball, location: 2F
0-1: Swinging Strike
0-2: SINGLE (Flyball, 7S, EV 93.1 MPH)
Batting: RHB Adam O'Hare 0-0: Ball
1-0: Ball
2-0: Called Strike
2-1: Ball
3-1: Called Strike
3-2: Base on Balls
Ricardo Aguinaga to second
Batting: SHB Gabriel Cruz 0-0: Called Strike
0-1: Ball
1-1: Ball
2-1: DOUBLE (Line Drive, 89M, EV 100.0 MPH)
Ricardo Aguinaga scores
Adam O'Hare to third
Runner from 3rd tries for Home, SAFE, throw by RF to trailing runner, OUT at third! 9-3-5
Batting: RHB Brian Gargis 0-0: Ball
1-0: Ball
2-0: Ground out 4-3 (Groundball, 4, EV 105.6 MPH)
Batting: RHB Pat Barton 0-0: Called Strike
0-1: Ball
1-1: Ball
2-1: Ball
3-1: DOUBLE (Line Drive, 7LM, EV 105.6 MPH)
Batting: RHB Rich Thurman 0-0: Called Strike
0-1: Ball
1-1: Ball
Wild Pitch!
Pat Barton to third
2-1: Ball
3-1: Foul Ball, location: 2F
3-2: Base on Balls
Batting: RHB Adam Kelliher 0-0: Fly out, F9 (Line Drive, 9S, EV 90.0 MPH)
Bottom of the 4th over - 2 runs, 3 hits, 0 errors, 2 left on base; Gwinnett 0 - Iowa 3
TOP OF THE 5TH
Gwinnett Braves batting - Pitching for Iowa Cubs : RHP Nicolai Volnov
Batting: RHB Jesse Lester 0-0: Ball
1-0: SINGLE (Groundball, 6S, EV 66.2 MPH) (infield hit)
Batting: RHB Dave Nickerson 0-0: Ball
1-0: Called Strike
1-1: Foul Ball, location: 2F
1-2: Ball
2-2: Ball
3-2: Ground out 4-3 (Groundball, 34S, EV 90.6 MPH)
Jesse Lester to second
Batting: RHB Mike Meeker 0-0: Ball
1-0: Ball
2-0: Foul Ball, location: 2F
2-1: Ball
3-1: Called Strike
3-2: Base on Balls
Batting: LHB Fred Arends 0-0: Foul Ball, location: 2F
0-1: Ball
1-1: Ball
2-1: Foul Ball, location: 2F
2-2: Foul Ball, location: 2F
2-2: Ball
3-2: Foul Ball, location: 2F
3-2: Foul Ball, location: 2F
3-2: Fielders Choice at 2nd, 4-6 (Groundball, 4, EV 85.6 MPH)
Jesse Lester to third
Batting: RHB Riley Nasiir 0-0: Called Strike
0-1: Ball
1-1: Ball
2-1: Ball
3-1: Foul Ball, location: 2F
3-2: Base on Balls
Fred Arends to second
Batting: RHB Edgar Castillo 0-0: Ball
1-0: Called Strike
1-1: Ball
2-1: Called Strike
2-2: Strikes out looking
Top of the 5th over - 0 runs, 1 hit, 0 errors, 3 left on base; Gwinnett 0 - Iowa 3
BOTTOM OF THE 5TH
Iowa Cubs batting - Pitching for Gwinnett Braves : LHP Brian Gregory
Batting: SHB Seung-ho Zhang 0-0: Called Strike
0-1: Ball
1-1: Ball
2-1: TRIPLE (Flyball, 89XD, EV 100.6 MPH)
Batting: RHB Jon Aguilar 0-0: Called Strike
0-1: Called Strike
0-2: Foul Ball, location: 2F
0-2: Ball
1-2: SINGLE (Groundball, 6MS, EV 67.5 MPH) (infield hit)
Seung-ho Zhang scores
Batting: RHB Ricardo Aguinaga 0-0: Foul Ball, location: 2F
0-1: Ball
1-1: Foul Ball, location: 2F
1-2: Ball
2-2: Ball
3-2: Strikes out swinging
Batting: RHB Adam O'Hare 0-0: Grounds into double play, 6-4-3 (Groundball, 6, EV 108.1 MPH)
Bottom of the 5th over - 1 run, 2 hits, 0 errors, 0 left on base; Gwinnett 0 - Iowa 4
TOP OF THE 6TH
Gwinnett Braves batting - Pitching for Iowa Cubs : RHP Nicolai Volnov
Batting: LHB Mark Buchholz 0-0: Ball
1-0: Called Strike
1-1: Swinging Strike
1-2: Strikes out swinging
Batting: SHB Brian Bagley 0-0: Called Strike
0-1: Foul Ball, location: 2F
0-2: Ball
1-2: Foul Ball, location: 2F
1-2: Strikes out looking
Batting: LHB Chris Locklear 0-0: Called Strike
0-1: Swinging Strike
0-2: DOUBLE (Flyball, 89D, EV 107.5 MPH)
Pitching: RHP Jose Ramirez
Batting: RHB Jesse Lester 0-0: Ball
1-0: Ball
2-0: Ball
3-0: Base on Balls
Batting: RHB Dave Nickerson 0-0: Fly out, F8 (Flyball, 8LM, EV 78.8 MPH)
Top of the 6th over - 0 runs, 1 hit, 0 errors, 2 left on base; Gwinnett 0 - Iowa 4
BOTTOM OF THE 6TH
Iowa Cubs batting - Pitching for Gwinnett Braves : LHP Brian Gregory
Batting: SHB Gabriel Cruz 0-0: Swinging Strike
0-1: Ball
1-1: Called Strike
1-2: Ball
2-2: Hit by Pitch
Batting: RHB Brian Gargis 0-0: Ball
1-0: Called Strike
1-1: Ball
2-1: Foul Ball, location: 2F
2-2: Strikes out swinging
Batting: RHB Pat Barton 0-0: Ball
1-0: SINGLE (Line Drive, 7S, EV 96.2 MPH)
Gabriel Cruz to second
Pitching: RHP Jonathan Ballejos
Batting: RHB Rich Thurman 0-0: Called Strike
0-1: Ball
1-1: SINGLE (Line Drive, 6M, EV 95.6 MPH)
Gabriel Cruz to third
Pat Barton to second
Batting: RHB Adam Kelliher 0-0: Ball
1-0: Foul Ball, location: 2F
1-1: Fly out, F7 (Flyball, 7LSF, EV 88.1 MPH)
Runner from 3rd tags up, SCORES, throw by LF
Batting: SHB Seung-ho Zhang 0-0: Called Strike
0-1: Ball
1-1: Fly out, F7 (Line Drive, 78M, EV 106.2 MPH)
Bottom of the 6th over - 1 run, 2 hits, 0 errors, 2 left on base; Gwinnett 0 - Iowa 5
TOP OF THE 7TH
Gwinnett Braves batting - Pitching for Iowa Cubs : RHP Jose Ramirez
Batting: RHB Mike Meeker 0-0: Foul Ball, location: 2F
0-1: Called Strike
0-2: Ball
1-2: Ball
2-2: Strikes out swinging
Batting: LHB Fred Arends 0-0: Ball
1-0: Foul Ball, location: 2F
1-1: Ball
2-1: Called Strike
2-2: Fly out, F7 (Line Drive, 7, EV 90.6 MPH)
Batting: RHB Riley Nasiir 0-0: Ball
1-0: Called Strike
1-1: Foul Ball, location: 2F
1-2: Ball
2-2: Ball
3-2: Strikes out swinging
Top of the 7th over - 0 runs, 0 hits, 0 errors, 0 left on base; Gwinnett 0 - Iowa 5
BOTTOM OF THE 7TH
Iowa Cubs batting - Pitching for Gwinnett Braves : RHP Jonathan Ballejos
Batting: RHB Jon Aguilar 0-0: Ball
1-0: Ball
2-0: Ball
3-0: Called Strike
3-1: Foul Ball, location: 2F
3-2: Foul Ball, location: 2F
3-2: Base on Balls
Batting: RHB Ricardo Aguinaga 0-0: Ball
1-0: Ball
Jon Aguilar steals 2nd base
2-0: Ball
3-0: Called Strike
3-1: Base on Balls
Batting: RHB Adam O'Hare 0-0: Ball
1-0: Called Strike
1-1: Ground out 5-3 (Groundball, 56S, EV 66.2 MPH)
Jon Aguilar to third
Ricardo Aguinaga to second
Batting: SHB Gabriel Cruz 0-0: Ball
1-0: Ball
2-0: Ground out U3 (Groundball, 34, EV 84.4 MPH)
Jon Aguilar scores
Ricardo Aguinaga to third
Batting: RHB Brian Gargis 0-0: Foul Ball, location: 2F
0-1: Ball
1-1: Foul Ball, location: 2F
1-2: Ball
2-2: Fly out, F9 (Flyball, 9D, EV 105.0 MPH)
Bottom of the 7th over - 1 run, 0 hits, 0 errors, 1 left on base; Gwinnett 0 - Iowa 6
TOP OF THE 8TH
Gwinnett Braves batting - Pitching for Iowa Cubs : RHP Jose Ramirez
Batting: RHB Edgar Castillo 0-0: Ball
1-0: Fly out, F8 (Flyball, 8RD, EV 98.8 MPH)
Batting: LHB Mark Buchholz 0-0: Ball
1-0: Called Strike
1-1: Ball
2-1: Ball
3-1: Base on Balls
Batting: SHB Brian Bagley 0-0: Foul Ball, location: 2F
0-1: Foul Ball, location: 2F
0-2: Ball
1-2: Ball
2-2: Strikes out swinging
Batting: LHB Chris Locklear 0-0: Called Strike
0-1: Foul Ball, location: 2F
0-2: Strikes out swinging
Top of the 8th over - 0 runs, 0 hits, 0 errors, 1 left on base; Gwinnett 0 - Iowa 6
BOTTOM OF THE 8TH
Iowa Cubs batting - Pitching for Gwinnett Braves : RHP Jonathan Ballejos
Batting: RHB Pat Barton 0-0: Ball
1-0: Ball
2-0: Ground out 5-3 (Groundball, 56S, EV 81.2 MPH)
Batting: RHB Rich Thurman 0-0: Ball
1-0: Foul Ball, location: 2F
1-1: Ground out 3-1 (Groundball, 3D, EV 83.1 MPH)
Batting: RHB Adam Kelliher 0-0: Ball
1-0: Ball
2-0: Called Strike
2-1: Called Strike
2-2: Strikes out swinging
Bottom of the 8th over - 0 runs, 0 hits, 0 errors, 0 left on base; Gwinnett 0 - Iowa 6
TOP OF THE 9TH
Gwinnett Braves batting - Pitching for Iowa Cubs : RHP Jose Ramirez
Batting: RHB Jesse Lester 0-0: Ball
1-0: Called Strike
1-1: SINGLE (Groundball, 56D, EV 94.4 MPH)
Batting: RHB Dave Nickerson 0-0: Ball
1-0: Foul Ball, location: 2F
1-1: Called Strike
1-2: Grounds into double play, 4-6-3 (Groundball, 4, EV 104.4 MPH)
Batting: RHB Mike Meeker 0-0: Ball
1-0: Ball
2-0: Swinging Strike
2-1: Ball
3-1: Base on Balls
Pitching: RHP Harry Poindexter
Batting: LHB Fred Arends 0-0: Called Strike
0-1: Called Strike
0-2: Foul Ball, location: 2F
0-2: Strikes out swinging
Top of the 9th over - 0 runs, 1 hit, 0 errors, 1 left on base; Gwinnett 0 - Iowa 6
Tuesday, March 28th , 2023 - OOTP Baseball 23.10 Build 110